 Dungeon Crawl Stone Soup version bcrawl-1.40.3b (webtiles) character file.

Game seed: 3612777477621926239

343289 Baz the Cruncher (level 10, -3/79 HPs)
             Began as a Demonspawn Gladiator on Dec 9, 2023.
             Was a High Priest of Cheibriados.
             Slain by Prince Ribbit (13 damage)
             ... on level 8 of the Dungeon.
             The game lasted 00:14:54 (7462 turns).

Baz the Cruncher (Demonspawn Gladiator)             Turns: 7462, Time: 00:14:54

Health: -3/79      AC:  7    Str: 31    XL:     10   Next: 36%
Magic:  10/16      EV: 15    Int: 24    God:    Cheibriados [*****.]
Gold:   643        SH:  0    Dex: 29    Spells: 9/9 levels left

rFire    + . .     GDR:     41% a - +0 quarterstaff
rCold    + . .     SeeInvis .   (shield currently unavailable)
rNeg     . . .     Gourm    .   F - +0 steam dragon scales
rPois    .         Faith    .   (helmet restricted)
rElec    .         Spirit   .   h - scarf {rC+ rF+}
rCorr    .         Reflect  .   q - +0 pair of gloves
MR       .....     Clarity  +   (no boots)
Stlth    ++........             (no amulet)
HPRegen  0.23/turn              (no ring)
MPRegen  0.15/turn              (no ring)

@: very slow
A: horns 2, talons 2, powered by death 3
a: Bend Time, Defer, Temporal Distortion, Step From Time, Renounce Religion


You were on level 8 of the Dungeon.
You worshipped Cheibriados.
Cheibriados was extremely pleased with you.
You were not hungry.

You visited 1 branch of the dungeon, and saw 8 of its levels.
You also visited: Sewer.

You collected 643 gold pieces.

Inventory:

Hand Weapons
 a - a +0 quarterstaff (weapon)
 C - the +4 war axe "Qorphir" {drain, rN+ Str-2 Dex+3 Stlth+, unknown}
   (You found it on level 6 of the Dungeon)

   A truly terrible weapon, it drains the life of those it strikes.
   It affects your strength (-2).
   It affects your dexterity (+3).
   It protects you from negative energy.
   It makes you more stealthy.
Missiles
 d - 3 throwing nets {=f}
Armour
 h - a scarf of resistance (worn)
 k - a +0 cloak
 l - a +0 ring mail
 q - a +0 pair of gloves (worn)
 z - a +0 scale mail
 F - +0 steam dragon scales (worn)
 J - a +0 chain mail
Jewellery
 b - an uncursed ring of resist corrosion {unknown}
 m - an uncursed amulet of regeneration {unknown}
 t - an uncursed amulet of regeneration {unknown}
Wands
 y - a wand of disintegration (14)
 H - a wand of polymorph (9)
 K - a wand of random effects (4)
Scrolls
 g - 8 scrolls of teleportation
 i - a scroll of identify
 j - 4 scrolls of blinking {unknown}
 o - 5 scrolls of amnesia {unknown}
 p - 8 scrolls of remove curse
 r - 2 scrolls of fear {unknown}
 s - 2 scrolls of enchant weapon {unknown}
 w - a scroll of fog
 x - 3 scrolls of revelation {unknown}
 B - 2 scrolls of enchant armour {unknown}
 E - a scroll of noise {unknown}
Potions
 c - 2 potions of flight
 f - 3 potions of heal wounds
 n - 5 potions of curing {unknown}
 u - 3 potions of might
 v - 2 potions of invisibility {unknown}
 A - 2 potions of magic {unknown}
 D - 2 potions of resistance {unknown}
 G - a potion of brilliance {unknown}
 I - a potion of mutation {unknown}
Comestibles
 e - 19 rations {!d}


   Skills:
 + Level 7.5 Fighting
 * Level 9.4 Staves
 - Level 1.7 Throwing
 + Level 6.2 Armour
 - Level 2.8 Dodging
 + Level 8.8 Invocations


You had 9 spell levels left.
You didn't know any spells.
Your spell library contained the following spells:

 Spells                   Type           Power        Failure   Level  Hunger
 Beastly Appendage        Tmut           #.....       14%         1    None
 Corona                   Hex            #......      14%         1    None
 Necrotize                Necr           #.....       14%         1    None
 Passwall                 Tmut/Erth      #.......     22%         2    ####...
 Shackle                  Hex            #.......     22%         2    ####...
 Sticks to Snakes         Tmut           #.......     22%         2    ####...
 False Image              Hex/Summ       #.......     41%         3    #####..
 Inner Flame              Hex/Fire       N/A          41%         3    #####..
 Spider Form              Tmut/Pois      #..          41%         3    #####..
 Vampiric Draining        Necr           #.........   41%         3    #####..
 Agony                    Necr           #.......     82%         4    ######.
 Animate Dead             Necr           N/A          82%         4    ######.
 Cause Fear               Hex            #.........   82%         4    ######.
 Ice Form                 Ice/Tmut       #.......     82%         4    ######.
 Yara's Violent Unravell  Hex/Tmut       #.........   82%         4    ######.
 Blade Hands              Tmut           #.........   99%         5    #######
 Dispel Undead            Necr           #.......     99%         5    #######


Dungeon Overview and Level Annotations

Branches:
Dungeon (8/12)             Temple (0/1) D:6            Lair (0/6) D:7
    Orc (0/1) D:8

Altars:
Ashenzari
Cheibriados
Kikubaaqudgha
Wu Jian

Shops:
D:6 }   D:8 [

Annotations:
D:3 Sigmund
D:6 3 runed translucent doors, yrara's ghost, novice DsFi
D:7 2 transporters, zoran's ghost, novice HESk
D:8 Harold; Prince Ribbit


Innate Abilities, Weirdness & Mutations

You have a pair of horns on your head.
You have razor-sharp toenails.
You regenerate a lot of health from kills.


Message History

Harold casts a spell at you. You resist. The bolt of fire hits you!
Prince Ribbit misses you. Harold misses you. Prince Ribbit barely misses you.
The flow of time bends around you.
Harold resists with some effort.
Cheibriados rebukes Prince Ribbit.
Prince Ribbit seems to slow down.
Harold barely misses you. Prince Ribbit closely misses you.
No path to travel!
The flow of time bends around you.
Cheibriados rebukes Harold.
Harold seems to slow down.
Cheibriados rebukes Prince Ribbit.
Prince Ribbit seems to slow down.
Harold grumbles, "Just give up already, I want to go home!"
Harold hits you with a +0 trident of freezing!!
* * * LOW HITPOINT WARNING * * *
Harold freezes you.
* * * LOW HITPOINT WARNING * * *
Prince Ribbit hits you!
You die...

.## ## ... .# ..#
.. #.# .# # ###.###
.# ..# #.....#
.##...#
#.....######F......
#..........@@......
#.....######.......
######.....#
.##...#
.......#.### .# ...
########.# .# . #÷#
.# #.# .# #.# .#
#∩#


You could see Harold and Prince Ribbit.

Vanquished Creatures
  An ugly thing (D:8)
  A komodo dragon (D:7)
  A hippogriff (D:7)
  A wyvern (D:7)
  A basilisk (D:7)
  A hungry ghost (D:6)
  Edmund (D:6)
  A steam dragon (D:7)
  A crocodile (D:7)
  2 water moccasins
  A black bear (D:6)
  6 orc warriors
  An ice beast (D:8)
  2 sky beasts
  A phantom (D:8)
  2 ogres (D:5)
  2 kobold brigands
  Blork the orc (D:6)
  2 bullfrogs
  A centaur (D:8)
  4 scorpions
  A water moccasin skeleton (D:4)
  6 killer bees (D:8)
  3 howler monkeys (D:8)
  3 orc priests
  2 crimson imps
  A bullfrog zombie (D:5)
  4 hounds
  5 jellies
  5 iguanas
  4 orc wizards
  7 worker ants
  2 hound zombies
  Robin (D:2)
  4 gnolls (D:7)
  8 adders
  A river rat (Sewer)
  6 oozes
  4 adder zombies (D:5)
  A worm (D:2)
  An adder skeleton (D:4)
  13 dart slugs
  5 leopard geckos
  47 orcs
  3 bats (D:1)
  5 giant cockroaches
  4 goblins
  8 hobgoblins
  10 jackals
  4 quokkas
  A ball python (D:4)
  5 frilled lizards
  A jackal skeleton (D:5)
  13 kobolds
  7 rats
229 creatures vanquished.

Notes
Turn   | Place    | Note
-------+----------+-------------------------------------------
     0 | D:1      | Baz the Demonspawn Gladiator began the quest for the Orb.
     0 | D:1      | Reached XP level 1. HP: 18/18 MP: 1/1
    69 | D:1      | Found a snail-covered altar of Cheibriados.
   130 | D:1      | Became a worshipper of Cheibriados the Contemplative
   182 | D:1      | Gained mutation: You regenerate a little health from kills.
                  | [demonic ancestry]
   182 | D:1      | Reached XP level 2. HP: 15/24 MP: 2/2
   191 | D:1      | Reached skill level 3 in Staves
   474 | D:1      | Gained mutation: You regenerate health from kills. [demonic
                  | ancestry]
   474 | D:1      | Reached XP level 3. HP: 18/29 MP: 3/3
   667 | D:1      | Reached * piety under Cheibriados
   668 | D:1      | Reached skill level 1 in Armour
  1013 | D:2      | Noticed Robin
  1019 | D:2      | Killed Robin
  1020 | D:2      | Reached skill level 1 in Invocations
  1352 | D:2      | Gained mutation: You have sharp toenails. [demonic
                  | ancestry]
  1352 | D:2      | Reached XP level 4. HP: 35/35 MP: 5/5
  1625 | D:3      | Noticed Sigmund
  1786 | D:3      | Reached ** piety under Cheibriados
  1798 | D:3      | Reached skill level 4 in Staves
  1798 | D:3      | Gained mutation: You have a pair of small horns on your
                  | head. [demonic ancestry]
  1798 | D:3      | Reached XP level 5. HP: 42/42 MP: 6/6
  1892 | D:3      | Noticed a water moccasin
  1898 | D:3      | Killed a water moccasin
  1899 | D:3      | Gained mutation: You regenerate a lot of health from kills.
                  | [demonic ancestry]
  1899 | D:3      | Reached XP level 6. HP: 33/48 MP: 6/8
  2887 | D:4      | Reached skill level 5 in Staves
  2895 | D:4      | Gained mutation: You have razor-sharp toenails. [demonic
                  | ancestry]
  2895 | D:4      | Reached XP level 7. HP: 52/55 MP: 9/9
  2900 | D:4      | Identified a +1 pair of boots of running (You found it on
                  | level 4 of the Dungeon)
  3005 | D:4      | Got a slimy dagger
  3032 | D:4      | Found an ornate altar of the Wu Jian Council.
  3110 | D:4      | Found a white marble altar of Elyvilon.
  3249 | D:4      | Found an ancient bone altar of Kikubaaqudgha.
  3337 | D:5      | Entered Level 5 of the Dungeon
  3344 | D:5      | Reached *** piety under Cheibriados
  3379 | D:5      | Found a glowing drain.
  3388 | Sewer    | Entered a sewer
  3509 | Sewer    | Found a white marble altar of Elyvilon.
  3777 | D:5      | Reached skill level 5 in Fighting
  3813 | D:5      | Reached skill level 6 in Staves
  3813 | D:5      | Reached skill level 5 in Invocations
  3813 | D:5      | Gained mutation: You have a pair of horns on your head.
                  | [demonic ancestry]
  3813 | D:5      | Reached XP level 8. HP: 60/62 MP: 11/11
  3953 | D:5      | Reached **** piety under Cheibriados
  4288 | D:6      | Found a shattered altar of Ashenzari.
  4461 | D:6      | Noticed Blork the orc
  4465 | D:6      | Killed Blork the orc
  4466 | D:6      | Reached skill level 7 in Staves
  4490 | D:6      | Noticed Edmund
  4500 | D:6      | Killed Edmund
  4980 | D:6      | Found a glowing golden altar of the Shining One.
  5051 | D:6      | Found Paur's Gadget Shoppe.
  5177 | D:6      | Found a staircase to the Ecumenical Temple.
  5229 | D:6      | Reached XP level 9. HP: 69/69 MP: 13/13
  5237 | D:6      | Got a jewelled war axe
  5300 | D:6      | Found a runed translucent gate.
  5300 | D:6      | Found a runed translucent gate.
  5300 | D:6      | Found a runed translucent gate.
  5303 | D:6      | Noticed yrara's ghost (novice DsFi)
  5305 | D:6      | Identified the +6 trident "Killer Bee's Bane" {freeze,
                  | +Blink Int+3 Dex+4}
  5306 | D:6      | Found a roughly hewn altar of Beogh.
  5908 | D:7      | Reached skill level 5 in Armour
  5955 | D:7      | Found a transporter.
  5961 | D:7      | Noticed zoran's ghost (novice HESk)
  5963 | D:7      | Identified the +4 dire flail "Ultimatum" {elec, Int+4}
  5963 | D:7      | Noticed a two-headed ogre
  5967 | D:7      | Found a transporter.
  6015 | D:7      | Reached skill level 8 in Staves
  6343 | D:7      | Reached ***** piety under Cheibriados
  6695 | D:7      | Found a staircase to the Lair.
  6705 | D:7      | Noticed a komodo dragon
  6712 | D:7      | Killed a komodo dragon
  6996 | D:8      | Reached XP level 10. HP: 66/79 MP: 16/16
  7010 | D:8      | Noticed a lindwurm
  7064 | D:8      | Reached skill level 9 in Staves
  7133 | D:8      | Found a staircase to the Orcish Mines.
  7384 | D:8      | Noticed a lindwurm
  7387 | D:8      | Noticed a lindwurm
  7415 | D:8      | Found Soqomats's Antique Armour Shop.
  7421 | D:8      | Noticed a brown ugly thing
  7428 | D:8      | Killed a brown ugly thing
  7447 | D:8      | Noticed Harold
  7447 | D:8      | Noticed Prince Ribbit
  7462 | D:8      | Slain by Prince Ribbit

Skill      XL: |  1  2  3  4  5  6  7  8  9 10 |
---------------+-------------------------------+-----
Staves         | 3 4 5 6 7 8 9 |  9.4
Armour         | 1 2 3 4 5 6 |  6.2
Invocations    | 1 2 3 5 6 8 |  8.8
Fighting       | 4 5 6 7 |  7.5
Throwing       | |  1.7
Dodging        | |  2.8

Action                   |  1- 3 |  4- 6 |  7- 9 | 10-12 || total
-------------------------+-------+-------+-------+-------++-------
Melee: Quarterstaff      |   134 |   116 |   242 |    96 ||   588
       Kick              |       |    26 |   113 |    52 ||   191
       Headbutt          |       |    12 |    62 |    22 ||    96
Invok: Bend Time         |       |       |     3 |     2 ||     5
  Use: Scroll            |       |       |     8 |       ||     8
       Potion            |       |       |       |     1 ||     1
 Stab: Distracted        |     1 |       |     1 |       ||     2
       Sleeping          |     1 |       |     1 |       ||     2
  Eat: Chunk             |     4 |     7 |    17 |     3 ||    31
Armor: Leather armour    |    55 |    25 |    11 |       ||    91
       Ring mail         |       |       |    29 |       ||    29
       Scale mail        |       |       |    19 |       ||    19
       Steam dragon scal |       |       |     5 |    32 ||    37
Dodge: Dodged            |   122 |    79 |   168 |   124 ||   493
